 Dungeon Crawl Stone Soup version 0.20-a0-16-g0876c8e (webtiles) character file.

73 KristoblXynda the Shield-Bearer (level 4, -1/38 HPs)
             Began as a Draconian Fighter on Nov 3, 2016.
             Was an Initiate of Qazlal.
             Slain by Robin
             ... wielding a +0 mace
              (4 damage)
             ... on level 2 of the Dungeon.
             The game lasted 00:02:05 (1036 turns).

KristoblXynda the Shield-Bearer (Draconian Fighter) Turns: 1036, Time: 00:02:06

Health: -1/38      AC:  5    Str: 24    XL:     4   Next: 8%
Magic:  4/4        EV: 10    Int: 14    God:    Qazlal [......]
Gold:   49         SH:  9    Dex: 10    Spells: 0 memorised, 3 levels left

rFire  . . .     SeeInvis .     a - +0 long sword
rCold  . . .     Gourm    .     (armour unavailable)
rNeg   . . .     Faith    .     b - +0 shield
rPois  .         Spirit   .     (helmet restricted)
rElec  .         Reflect  .     (no cloak)
rCorr  .         Harm     .     (no gloves)
MR     .....                    (no boots)
Stlth  +.........               (no amulet)
                                (no ring)
                                (no ring)

@: mighty, brilliant
A: unfitting armour, cold-blooded, AC +5
a: Renounce Religion


You were on level 2 of the Dungeon.
You worshipped Qazlal.
Qazlal was noncommittal.
You were not hungry.

You visited 1 branch of the dungeon, and saw 2 of its levels.

You collected 49 gold pieces.

Inventory:

Hand Weapons
 a - a +0 long sword (weapon)
Missiles
 g - 8 javelins (quivered)
Armour
 b - a +0 shield (worn)
Scrolls
 e - a scroll of identify {unknown}
 h - a scroll of fear {unknown}
 j - a scroll of remove curse {unknown}
Comestibles
 d - a bread ration
 f - 2 meat rations


   Skills:
 - Level 3.2 Fighting
 + Level 2.9 Long Blades
 + Level 3.4 Dodging
 + Level 3.7 Shields


You had 3 spell levels left.
You didn't know any spells.

Dungeon Overview and Level Annotations

Branches:
Dungeon (2/15)

Altars:
Qazlal
Xom

Annotations:
D:2 Robin


Innate Abilities, Weirdness & Mutations

Your plain brown scales are hard. (AC +5)
You cannot fit into any form of body armour.
You are cold-blooded and may be slowed by cold attacks.


Message History

You feel clever all of a sudden. The goblin hits you with a club.
* * * LOW HITPOINT WARNING * * *
You block Robin's attack.
You feel very mighty all of a sudden. The goblin barely misses you.
You riposte.
You miss the goblin. You tail-slap the goblin.
You kill the goblin!
Qazlal accepts your kill. Robin closely misses you.
Unknown command.
You closely miss Robin.
Robin is heavily wounded.
Robin hits you with a mace.
* * * LOW HITPOINT WARNING * * *
The goblin closely misses you.
You hit Robin.
Robin is almost dead.
Robin hits you with a mace.
You die...

##.#.# #.#
##....######.#
##.#.#.........
#.##....#.###..
#####.###.###.####
#.†......## ##...#
#.#####.#.###.##.#
#g# ####.#.###.#
#@# ##.## #.# #g#
#.# #.# ..# #.#
#.# #### #.####.#
#....... ######.#
#.. ###


You could see Robin and a goblin.

Vanquished Creatures
  Ijyb (D:2)
  An adder (D:2)
  A worm (D:2)
  2 dart slugs
  A leopard gecko (D:1)
  2 giant cockroaches (D:1)
  3 hobgoblins
  A ball python (D:2)
  5 bats (D:1)
  3 frilled lizards
  8 goblins
  4 kobolds (D:1)
  4 rats
36 creatures vanquished.

Notes
Turn   | Place    | Note
-------+----------+-------------------------------------------
     0 | D:1      | KristoblXynda the Draconian Fighter began the quest for the Orb.
     0 | D:1      | Reached XP level 1. HP: 19/19 MP: 1/1
     0 | D:1      | Noticed an octopode
     0 | D:1      | Noticed a felid
     3 | D:1      | Noticed a human
     6 | D:1      | Noticed a human
    12 | D:1      | Noticed a minotaur zombie
    16 | D:1      | Noticed a naga
    18 | D:1      | Noticed a gargoyle
   103 | D:1      | Reached XP level 2. HP: 14/26 MP: 2/2
   641 | D:2      | Noticed Ijyb
   667 | D:2      | Killed Ijyb
   667 | D:2      | Reached XP level 3. HP: 13/31 MP: 3/3
   685 | D:2      | Found a stormy altar of Qazlal.
   854 | D:2      | Became a worshipper of Qazlal Stormbringer
   927 | D:2      | Found a shimmering altar of Xom.
  1019 | D:2      | Noticed Robin
  1019 | D:2      | Reached XP level 4. HP: 38/38 MP: 4/4
  1036 | D:2      | Slain by Robin

Vault maps used:
D:1:      shiori_arrival_whats_in_store_for_you
D:2:      minmay_wonky_spiral, overflow_temple_1_default, old_standard_altar,
          grunt_temple_overflow_open, uniq_iyjb, uniq_natasha, uniq_robin

Skill      XL: |  1  2 |
---------------+-------+-----
Dodging        | 3 |  3.4
Fighting       | |  3.2
Long Blades    | |  2.9
Shields        | |  3.7

Action                   |  1- 3 |  4- 6 || total
-------------------------+-------+-------++-------
Melee: Long sword        |    99 |    13 ||   112
       Tailslap          |     5 |     3 ||     8
  Use: Potion            |       |     2 ||     2
 Stab: Sleeping          |     1 |       ||     1
  Eat: Chunk             |     1 |       ||     1
Armor: Skin              |    41 |     4 ||    45
Dodge: Dodged            |    58 |    13 ||    71
Block: Shield            |    85 |    12 ||    97
       Rpst.: Long sword |    12 |     3 ||    15
